 Dungeon Crawl Stone Soup version 0.31-a0-1616-gbeaec30b81 (webtiles) character file.

Game seed: 9283063858558754356

214 CougarLife the Chopper (level 5, 0/48 HPs)
             Began as a Minotaur Fighter on Jan 10, 2024.
             Blown up by Ijyb (5 damage)
             ... with a mindburst bolt
             ... on level 4 of the Dungeon.
             The game lasted 00:03:12 (3052 turns).

CougarLife the Chopper (Minotaur Fighter)           Turns: 3052, Time: 00:03:13

Health: 0/48       AC:  9    Str: 22    XL:     5   Next: 60%
Magic:  4/4        EV:  9    Int:  5    God:
Gold:   140        SH:  4    Dex: 10    Spells: 4/4 levels left

rFire   . . .        a - +0 war axe
rCold   . . .        c - +0 buckler
rNeg    . . .        b - +0 scale mail
rPois   .            (helmet restricted)
rElec   .            w - +0 cloak
rCorr   .            n - +0 pair of gloves
SInv    .            (no boots)
Will    .....        (no amulet) Stlth
                     (no ring)
HPRegen 0.28/turn    (no ring)
MPRegen 0.09/turn

%: no passive effects
@: no status effects
A: horns 2, retaliatory headbutt
a: no special abilities


You were on level 4 of the Dungeon.
You visited 1 branch of the dungeon, and saw 4 of its levels.

You collected 140 gold pieces.

Inventory:

Hand Weapons
 a - a +0 war axe (weapon)
Missiles
 h - 6 javelins
 t - 2 poisoned darts (quivered)
 u - 3 boomerangs
Armour
 b - a +0 scale mail (worn)
 c - a +0 buckler (worn)
 n - a +0 pair of gloves (worn)
 w - a +0 cloak (worn)
Wands
 v - a wand of acid (13)
Scrolls
 f - 7 scrolls of identify {unknown}
 g - a scroll of enchant weapon {unknown}
 j - 2 scrolls of teleportation {unknown}
 l - a scroll of brand weapon {unknown}
 m - a scroll of noise {unknown}
 o - a scroll of fear {unknown}
 r - a scroll of blinking {unknown}
 s - 3 scrolls of revelation {unknown}
Potions
 d - a potion of might
 e - 2 potions of haste {unknown}
 i - a potion of invisibility {unknown}
 k - a potion of heal wounds {unknown}
 p - a potion of curing {unknown}
 q - a potion of attraction {unknown}


   Skills:
 + Level 5.1 Fighting
 * Level 5.6 Axes
 - Level 4.0 Armour
 - Level 4.0 Shields


You had 4 spell levels left.
You didn't know any spells.
Your spell library contained the following spells:

 Spells                   Type           Power      Damage    Failure   Level
 Summon Small Mammal      Summ           0%         N/A       86%         1
 Call Canine Familiar     Summ           0%         N/A       99%         3
 Summon Blazeheart Golem  Fire/Summ      0%         N/A       100%        4


Dungeon Overview and Level Annotations

Branches:
Dungeon (4/15)
 Temple: D:4-7

Altars:
Ashenzari
Cheibriados
Nemelex Xobeh
Uskayaw
Xom
Yredelemnul
Zin

Shops:
D:2 =

Annotations:
D:4 Ijyb


Innate Abilities, Weirdness & Mutations

You have a pair of horns on your head.
You reflexively headbutt those who attack you in melee.


Message History

The adder hisses angrily.
An adder is nearby!
The adder barely misses you.
You slash the adder!
You kill the adder!
No target in view!
Ijyb the Twisted Goblin comes into view.
She is wielding a +0 club and carrying a wand of mindburst.
Ijyb shouts!
Ijyb zaps a wand.
Your mind is blasted!
Ijyb is nearby!
An orc priest comes into view. It is wielding a +0 trident.
The orc priest shouts!
You see here an adder corpse.
Aiming: Corrosive Bolt
Press: ? - help, Shift-Dir - straight line, f - Ijyb
Aim: Ijyb, wielding a +0 club, wearing a +0 leather armour and carrying a wand of mindburst (64% to hit)
The bolt of acid hits Ijyb!
The acid corrodes Ijyb!
Ijyb is severely wounded.
Ijyb zaps a wand.
Your mind is blasted!
Ijyb zaps a wand.
Your mind is blasted!
* * * LOW HITPOINT WARNING * * *
Ijyb hits you but does no damage.
The orc priest hits you but does no damage.
You see here an adder corpse.
You closely miss Ijyb. Your headbutt misses Ijyb.
Ijyb is severely wounded.
You barely miss the orc priest. Ijyb hits you with a +0 club.
* * * LOW HITPOINT WARNING * * *
The orc priest closely misses you. You furiously retaliate!
You headbutt the orc priest. You closely miss Ijyb. Your headbutt misses Ijyb.
Ijyb is severely wounded.
You hit the orc priest. Ijyb hits you but does no damage.
The orc priest hits you but does no damage.
You slash the orc priest!
You kill the orc priest!
You closely miss Ijyb. Ijyb hits you with a +0 club.
* * * LOW HITPOINT WARNING * * *
Ijyb zaps a wand.
Your mind is blasted!
You die...

#...........# ..
#...........#
#...........#
#...........+....#
#...........#....+
#...........#....#
#.......###+#....#### ##
#......)##..#....#..####.
#......g@...#....+.......
#...........#....#.......
#.......##..#....##'####.
#.......##..#..........#.
#.......#...#..........#.
#.......#...#..........#.
#.......#...#####......+.
#.......#...'...'......#.
#.......#...#...#......#.


You could see Ijyb (corroded).

Vanquished Creatures
  A bombardier beetle (D:3)
  An orc priest (D:4)
  A jelly (D:3)
  An iguana (D:4)
  Robin (D:2)
  3 adders
  3 dart slugs
  A ribbon worm (D:4)
  4 orcs (D:3)
  2 bats
  8 endoplasms
  2 giant cockroaches
  9 hobgoblins
  3 quokkas
  8 ball pythons
  4 frilled lizards
  12 goblins
  6 kobolds
  6 rats
76 creatures vanquished.

Notes
Turn   | Place    | Note
-------+----------+-------------------------------------------
     0 | D:1      | CougarLife the Minotaur Fighter began the quest for the
                  | Orb.
     0 | D:1      | Reached XP level 1. HP: 19/19 MP: 0/0
   112 | D:1      | Reached XP level 2. HP: 27/27 MP: 1/1
   846 | D:2      | Found Luos's Jewellery Shoppe.
   881 | D:2      | Reached XP level 3. HP: 27/33 MP: 2/2
  1592 | D:2      | Noticed Robin
  1596 | D:2      | Reached XP level 4. HP: 40/41 MP: 3/3
  1610 | D:2      | Killed Robin
  1791 | D:3      | Found a broken altar of Ashenzari.
  2097 | D:3      | Found a hide-covered altar of Uskayaw.
  2104 | D:3      | Reached XP level 5. HP: 46/47 MP: 4/4
  2105 | D:3      | Reached skill level 5 in Axes
  2196 | D:3      | Found a faded altar of an unknown god.
  2196 | D:3      | Found a glowing silver altar of Zin.
  2204 | D:3      | Found a snail-covered altar of Cheibriados.
  2206 | D:3      | Found a shimmering altar of Xom.
  2208 | D:3      | Found a basalt altar of Yredelemnul.
  2373 | D:3      | Found a faded altar of an unknown god.
  2603 | D:4      | Found a sparkling altar of Nemelex Xobeh.
  2682 | D:4      | Reached skill level 5 in Fighting
  3039 | D:4      | Noticed Ijyb
  3052 | D:4      | Blown up by Ijyb

Illustrated notes

Levels and vault maps discovered:
D:1:      dpeg_arrival_rooms_a, layout_basic, minmay_misc_feat_square
D:2:      layout_basic, serial_shops, shop, kennysheep_generic_room_12,
          uniq_robin
D:3:      layout_loops_ring, nicolae_uskayaw_dance_hall,
          evilmike_ruin_ashenzari, chequers_temple_overflow_minitemple,
          hellmonk_ecumenical_altar_crossroads, kennysheep_generic_room_13
D:4:      layout_gridville, nemelex_xobeh_ov_fountains_minmay, uniq_ijyb,
          uniq_menkaure, uniq_crazy_yiuf_cottage

Skill      XL: |  1  2  3  4  5 |
---------------+----------------+-----
Armour         | 4 |  4.0
Shields        | 4 |  4.0
Axes           | 3 4 5 |  5.6
Fighting       | 4 5 |  5.1

Action                     |  1- 3 |  4- 6 || total
---------------------------+-------+-------++-------
  Melee: War axe           |    88 |    66 ||   154
         Headbutt          |     8 |     7 ||    15
  Evoke: Wand              |       |     1 ||     1
 Armour: Scale mail        |    71 |    48 ||   119
  Dodge: Dodged            |    35 |    27 ||    62
  Block: Buckler           |    22 |    10 ||    32

Table legend: (Time is in decaauts)
 A = Elapsed time spent in this place.
 B = Non-inter-level travel time spent in this place.
 C = Inter-level travel time spent in this place.
 D = Time resting spent in this place.
 E = Time spent auto-exploring this place.
 F = Levels seen in this place.
 G = Mean time per level.
                   A        B        C        D        E       F      G
               +--------+--------+--------+--------+--------+-----+--------+
         Total |   3103 |   2920 |    183 |    157 |   2294 |   4 |  775.8 |
       Dungeon |   3103 |   2920 |    183 |    157 |   2294 |   4 |  775.8 |
               +--------+--------+--------+--------+--------+-----+--------+

Top non-repeatable levels by time:
     D:2: 937 daAuts
     D:1: 822 daAuts
     D:3: 801 daAuts
     D:4: 542 daAuts
